 Dungeon Crawl Stone Soup version 0.24.0-123-gd5b16e6ec5 (webtiles) character file.

Game seed: 16882179846363344196, levelgen mode: deterministic

1819 Elellon the Basher (level 9, -1/52 HPs)
             Began as a Gargoyle Fighter on Jan 21, 2020.
             Slain by a killer bee (5 damage)
             ... on level 7 of the Dungeon.
             The game lasted 00:12:45 (7916 turns).

Elellon the Basher (Gargoyle Fighter)               Turns: 7916, Time: 00:12:45

Health: -1/52      AC: 16    Str: 22    XL:     9   Next: 10%
Magic:  18/18      EV:  5    Int: 10    God:
Gold:   278        SH:  9    Dex:  9    Spells: 8/8 levels left

rFire    . . .     SeeInvis .   b - +0 flail (holy)
rCold    . . .     Gourm    .   c - +0 shield
rNeg     + . .     Faith    .   s - +0 chain mail
rPois    ∞         Spirit   .   (no helmet)
rElec    +         Reflect  .   n - +0 cloak (curse)
rCorr    .         Harm     .   (no gloves)
MR       .....                  (no boots)
Stlth    ..........             D - amulet of magic regeneration
HPRegen  0.17/turn              a - ring of magical power
MPRegen  0.41/turn              (no ring)

@: no status effects
A: negative energy resistance 1, electricity resistance, unbreathing,
petrification resistance, rot immunity, AC +6
a: no special abilities


You were on level 7 of the Dungeon.
You were not hungry.

You visited 2 branches of the dungeon, and saw 9 of its levels.
You also visited: Sewer.

You collected 278 gold pieces.

Inventory:

Hand Weapons
 b - a +0 flail of holy wrath (weapon)
Armour
 c - a +0 shield (worn)
 n - a cursed +0 cloak (worn)
 s - a +0 chain mail (worn)
Jewellery
 a - a ring of magical power (left hand)
 y - an uncursed ring of protection from fire {unknown}
 D - an amulet of magic regeneration (around neck)
Wands
 F - a wand of random effects (22)
Scrolls
 h - 11 scrolls of teleportation
 j - 5 scrolls of remove curse
 k - 2 scrolls of identify
 o - 2 scrolls of enchant armour {unknown}
 p - 4 scrolls of magic mapping {unknown}
 q - 5 scrolls of enchant weapon {unknown}
 r - a scroll of fog {unknown}
 t - 2 scrolls of fear {unknown}
 u - a scroll of blinking {unknown}
 x - 2 scrolls of random uselessness {unknown}
 A - a scroll of amnesia {unknown}
 B - 3 scrolls of immolation {unknown}
Potions
 d - a potion of heal wounds {unknown}
 e - a potion of degeneration {unknown}
 g - 6 potions of curing
 i - 2 potions of agility {unknown}
 l - a potion of mutation {unknown}
 m - 3 potions of magic {unknown}
 v - 2 potions of flight {unknown}
 w - a potion of lignification {unknown}
 z - a potion of cancellation {unknown}
 C - a potion of resistance {unknown}
Comestibles
 f - 15 rations
 E - a chunk of flesh


   Skills:
 + Level 3.7 Fighting
 * Level 11.1 Maces & Flails
 + Level 3.7 Armour
 + Level 3.7 Shields


You had 8 spell levels left.
You didn't know any spells.
Your spell library was empty.

Dungeon Overview and Level Annotations

Branches:
Dungeon (8/15)             Temple (1/1) D:5           Sewer (visited)
   Lair: D:8-11

Altars:
Ashenzari
Dithmenos
Elyvilon
Fedhas
Gozag
Hepliaklqana
Makhleb
Qazlal
Ru
Sif Muna
Trog
Uskayaw
Wu Jian
Yredelemnul
Zin

Shops:
D:6 :

Annotations:
D:4 Prince Ribbit


Innate Abilities, Weirdness & Mutations

You are resistant to torment.
Your stone body is resilient. (AC +6)
You are immune to poison.
You resist negative energy. (rN+)
You are resistant to electric shocks. (rElec)
You can survive without breathing.
You are immune to petrification.
You are immune to rotting.


Message History

You miss the killer bee.
The killer bee is severely wounded.
The killer bee stings you. x2
* * * LOW HITPOINT WARNING * * *
The killer bee stings you but does no damage. x2
You miss the killer bee.
The killer bee is severely wounded.
You block the killer bee's attack. The killer bee stings you.
* * * LOW HITPOINT WARNING * * *
The killer bee stings you but does no damage. x2
You block the killer bee's attack. x3; The killer bee stings you.
* * * LOW HITPOINT WARNING * * *
You climb upwards.
There is a stone staircase leading down here.
You barely miss the killer bee.
The killer bee is severely wounded.
The killer bee stings you.
* * * LOW HITPOINT WARNING * * *
The killer bee stings you.
You die...

.##.......##.......#### ###
.##########...........#########
# .# #.#.#..#(##.........### ##
#......#.#########...##
#.#.#..#.# #.....#
#........#### ##..(##
#...........# ##.###
#....yy####.# #.....
#.#.#.@####.### #..###
#.#....##.....# #..###
#.##...##.....# #....#
#.##...##.....# #.##.#
#......##.....# #.##.#
####.####.....# #..... #.#
####### ####.# #.# #.# #.# #.#


You could see 2 killer bees.

Vanquished Creatures
  Sigmund (D:4)
  Eustachio (D:6)
  Edmund (D:4)
  An ice beast (D:6)
  Purgy (Sewer)
  An ogre (D:6)
  2 centaurs
  2 big kobolds
  3 bullfrogs (D:6)
  A scorpion (D:6)
  A killer bee (D:8)
  A bullfrog zombie (D:6)
  A crimson imp (D:6)
  Crazy Yiuf (D:2)
  2 orc wizards (D:6)
  An orc priest (D:4)
  Terence (D:2)
  3 iguanas
  4 worker ants
  A hound skeleton (D:6)
  Robin (D:3)
  2 adders
  3 oozes
  4 worms
  2 dart slugs
  3 leopard geckos (D:1)
  7 orcs
  4 giant cockroaches
  15 goblins
  11 hobgoblins
  9 jackals
  14 kobolds
  7 quokkas
  7 ball pythons
  4 bats
  11 frilled lizards
  6 rats
140 creatures vanquished.

Notes
Turn   | Place    | Note
-------+----------+-------------------------------------------
     0 | D:1      | Elellon the Gargoyle Fighter began the quest for the Orb.
     0 | D:1      | Reached XP level 1. HP: 14/14 MP: 1/1
    73 | D:1      | Reached XP level 2. HP: 19/19 MP: 2/2
   157 | D:1      | Reached skill level 3 in Maces & Flails
   489 | D:1      | Reached XP level 3. HP: 23/23 MP: 3/3
  1090 | D:2      | Noticed Terence
  1103 | D:2      | Killed Terence
  1103 | D:2      | Reached skill level 4 in Maces & Flails
  1103 | D:2      | Reached XP level 4. HP: 28/28 MP: 4/4
  1213 | D:2      | Found a runed translucent door.
  1214 | D:2      | Noticed Crazy Yiuf
  1230 | D:2      | Killed Crazy Yiuf
  1651 | D:3      | Noticed Robin
  1678 | D:2      | Reached skill level 5 in Maces & Flails
  1832 | D:2      | Reached XP level 5. HP: 25/32 MP: 5/5
  1946 | D:3      | Killed Robin
  2814 | D:4      | Reached skill level 6 in Maces & Flails
  2940 | D:4      | Noticed a centaur
  2950 | D:4      | Killed a centaur
  2950 | D:4      | Reached XP level 6. HP: 17/37 MP: 6/6
  3141 | D:4      | Found a glowing drain.
  3154 | Sewer    | Entered a sewer
  3249 | Sewer    | Noticed Purgy
  3276 | Sewer    | Killed Purgy
  3276 | Sewer    | Reached skill level 7 in Maces & Flails
  3455 | D:4      | Noticed Sigmund
  3467 | D:4      | Killed Sigmund
  3467 | D:4      | Reached skill level 8 in Maces & Flails
  3467 | D:4      | Reached XP level 7. HP: 26/41 MP: 7/7
  4121 | D:4      | Noticed Edmund
  4133 | D:4      | Killed Edmund
  4233 | D:4      | Found a shimmering blue altar of Sif Muna.
  4269 | D:5      | Entered Level 5 of the Dungeon
  4587 | D:5      | Noticed Prince Ribbit
  4852 | D:5      | Reached skill level 9 in Maces & Flails
  4852 | D:5      | Reached XP level 8. HP: 45/46 MP: 8/8
  5432 | D:5      | Found a staircase to the Ecumenical Temple.
  5441 | Temple   | Entered the Ecumenical Temple
  6103 | D:6      | Reached skill level 10 in Maces & Flails
  6623 | D:6      | Found Nischegi's Book Emporium.
  6692 | D:6      | Noticed Eustachio
  6749 | D:6      | Killed Eustachio
  6887 | D:6      | Reached skill level 11 in Maces & Flails
  7039 | D:6      | Reached XP level 9. HP: 51/51 MP: 9/9
  7916 | D:7      | Slain by a killer bee

Levels and vault maps discovered:
D:1:      onia_arrival_pentagram, layout_basic
D:2:      layout_loops_ring, uniq_terence, uniq_crazy_yiuf_cottage
D:3:      layout_loops_ring, first_ration, uniq_robin
D:4:      layout_gridville, portal_sewer_entry_b, led_sif_pool, uniq_sigmund,
          uniq_edmund
D:5:      layout_loops_cross, temple_fountains, uniq_prince_ribbit1
D:6:      layout_cave_pools, serial_shops, nicolae_shop_statue_plus,
          minmay_misc_feat_doors, grunt_decor_mini_mirrors, uniq_eustachio
D:7:      layout_loops_cross
D:8:      minmay_weird_star, layout_basic, grunt_temple_overflow_octagram,
          serial_shops, kennysheep_mini_moat
Temple:   regret_index_temple_waves

Skill      XL: |  1  2  3  4  5  6  7  8 |
---------------+-------------------------+-----
Maces & Flails | 3 4 5 6 8 9 11 | 11.1
Fighting       | |  3.7
Armour         | |  3.7
Shields        | |  3.7

Action                   |  1- 3 |  4- 6 |  7- 9 || total
-------------------------+-------+-------+-------++-------
Melee: Flail             |   129 |   271 |   395 ||   795
  Use: Scroll            |       |     3 |     3 ||     6
       Potion            |       |       |     1 ||     1
  Eat: Chunk             |     1 |     8 |     5 ||    14
       Ration            |       |       |     3 ||     3
Armor: Scale mail        |   111 |    88 |       ||   199
       Chain mail        |       |   113 |   333 ||   446
Dodge: Dodged            |    46 |    77 |   100 ||   223
Block: Shield            |   101 |   145 |   249 ||   495
